 Dungeon Crawl Stone Soup version 0.25.1-2-g60ff931df9 (webtiles) character file.

Game seed: 16599640161621769600

12077 DearestLeader the Destroyer (level 11, -4/74 HPs)
             Began as a Grey Draconian Conjurer on Sept 29, 2020.
             Was a High Priest of Vehumet.
             Killed from afar by a manticore (19 damage)
             ... with a volley of spikes
             ... on level 11 of the Dungeon.
             The game lasted 00:37:42 (13057 turns).

DearestLeader the Destroyer (DrCj)                 Turns: 13057, Time: 00:37:44

Health: -4/74      AC: 11    Str: 11    XL:     11   Next: 57%
Magic:  21/30      EV: 12    Int: 28    God:    Vehumet [*****.]
Gold:   400        SH:  0    Dex:  7    Spells: 6/23 levels left

rFire    + . .     SeeInvis .   k - +8 quarterstaff "Wiphyewn" {speed, rElec rF+ rN++ Stlth+}
rCold    + . .     Gourm    .   (shield currently unavailable)
rNeg     + + .     Faith    .   (armour unavailable)
rPois    .         Spirit   .   a - +1 hat of Xom's Pride {rC+ MP+9 Int+4 Dex-5}
rElec    +         Reflect  .   l - +0 cloak
rCorr    .         Harm     .   q - +0 pair of gloves
MR       .....                  (no boots)
Stlth    +++.......             (no amulet)
HPRegen  0.22/turn              x - +6 ring of intelligence
MPRegen  0.22/turn              d - ring of stealth

@: barbed spikes, corroded
A: walk through water, unfitting armour, unbreathing, cold-blooded, AC +12
a: Renounce Religion


You were on level 11 of the Dungeon.
You worshipped Vehumet.
Vehumet was extremely pleased with you.
You were hungry.

You visited 2 branches of the dungeon, and saw 13 of its levels.
You also visited: Sewer and Ossuary.

You collected 690 gold pieces.
You spent 290 gold pieces at shops.

Inventory:

Hand Weapons
 k - the +8 quarterstaff "Wiphyewn" (weapon) {speed, rElec rF+ rN++ Stlth+}
   (You found it on level 8 of the Dungeon)

   Attacks with this weapon are significantly faster.
   It protects you from fire.
   It insulates you from electricity.
   It greatly protects you from negative energy.
   It makes you more stealthy.
Armour
 a - the +1 hat of Xom's Pride (worn) {rC+ MP+9 Int+4 Dex-5}
   (You found it on level 9 of the Dungeon)

   It affects your intelligence (+4).
   It affects your dexterity (-5).
   It protects you from cold.
   It affects your magic capacity (+9).
 l - a +0 cloak (worn)
 q - a +0 pair of gloves (worn)
 s - a +2 hat of intelligence
 B - a +0 buckler
Jewellery
 d - a ring of stealth (right hand)
 x - a +6 ring of intelligence (left hand)
 y - an uncursed ring of flight
 D - a +6 ring of strength
Wands
 c - a wand of clouds (8)
 g - a wand of digging (4)
 i - a wand of enslavement (11)
 G - a wand of flame (33)
 H - a wand of disintegration (13)
 I - a wand of random effects (18)
Scrolls
 h - 4 scrolls of teleportation
 o - a scroll of blinking {unknown}
 p - 7 scrolls of remove curse
 u - 5 scrolls of fear
 A - a scroll of enchant weapon {unknown}
 C - 3 scrolls of amnesia {unknown}
Potions
 e - 4 potions of heal wounds
 f - 3 potions of flight
 j - 5 potions of stabbing
 m - 3 potions of might
 n - 2 potions of haste
 r - 9 potions of curing
 t - 2 potions of lignification
 v - a potion of magic
 w - 2 potions of degeneration
 z - 2 potions of brilliance
 E - a potion of resistance {unknown}
 F - 2 potions of experience {unknown}
 J - a potion of berserk rage {unknown}
Comestibles
 b - 25 rations


   Skills:
 - Level 3.0 Dodging
 - Level 1.7 Stealth
 + Level 6.8 Spellcasting
 + Level 14.3 Conjurations
 - Level 4.0 Hexes
 * Level 9.2 Earth Magic


You had 6 spell levels left.
You knew the following spells:

 Your Spells              Type           Power        Failure   Level  Hunger
a - Magic Dart            Conj           ####         0%          1    None
b - Searing Ray           Conj           ######       0%          2    None
c - Fulminant Prism       Conj/Hex       ######....   1%          4    ##.....
d - Dazzling Flash        Conj/Hex       ######       1%          3    None
e - Lee's Rapid Deconstr  Erth           ######....   1%          5    #####..
f - Passwall              Tmut/Erth      #####...     1%          2    None

Your spell library contained the following spells:

 Spells                   Type           Power        Failure   Level  Hunger
 Lightning Bolt           Conj/Air       #####.....   2%          5    #####..
 Sandblast                Erth           ######       1%          1    None
 Stone Arrow              Conj/Erth      ######       1%          3    None
 Iskenderun's Mystic Bla  Conj/Tloc      #####...     1%          4    ##.....
 Summon Small Mammal      Summ           #...         5%          1    None
 Summon Guardian Golem    Hex/Summ       ###.....     8%          3    None
 Call Imp                 Summ           #.......     9%          2    None
 Petrify                  Tmut/Erth      #####...     9%          4    ##.....
 Call Canine Familiar     Summ           #.......     17%         3    None
 Summon Ice Beast         Ice/Summ       #.......     50%         4    ##.....
 Summon Lightning Spire   Summ/Air       #.......     50%         4    ##.....


Dungeon Overview and Level Annotations

Branches:
Dungeon (12/15)            Temple (1/1) D:5             Orc (0/2) D:10
  Sewer (visited)         Ossuary (visited)
   Lair: D:8-11

Altars:
Ashenzari
Cheibriados
Dithmenos
Elyvilon
Fedhas
Kikubaaqudgha
Nemelex Xobeh
Okawaru
Qazlal
Ru
Uskayaw
Vehumet
Xom
Yredelemnul
The Shining One

Shops:
D:4 }}[[!   D:6 *   D:8 *   D:9 *

Annotations:
D:4 2 transporters, Sondor's ghost, amateur DsAK
D:10 4 runed translucent doors


Innate Abilities, Weirdness & Mutations

You can walk through water.
Your dull iron-grey scales are very hard. (AC +12)
You cannot fit into any form of body armour.
You can survive without breathing.
You are cold-blooded and may be slowed by cold attacks.


Message History

Press: ? - help, Shift-Dir - straight line, f - manticore
Aim: a manticore The searing ray hits the manticore.
The manticore is lightly wounded. (Press . to maintain the ray.)
The searing ray hits the manticore!
The manticore is moderately wounded.
The searing ray hits the manticore!
The manticore is heavily wounded.
The manticore flicks its tail.
The volley of spikes hits you!!
The barbed spikes become lodged in your body.
* * * LOW HITPOINT WARNING * * *
The searing ray hits the manticore!
The manticore is severely wounded.
You finish channeling your searing ray.
The manticore flicks its tail.
The volley of spikes hits you!!
The barbed spikes become lodged in your body.
You die...

#####.. #.... #.. #....
#####.. ###.... .#......
....[.. ..#......
......H #..##'###.
....... #.......'.
.......########.......##
.......@).(.(...........
.............>..........
........................
....#########...........
... #.......#...........
.. #.......#..........#
# #.......#..........#
#.......#..#########
#.......#..#.....รท..


You could see a manticore.

Vanquished Creatures
  A two-headed ogre (D:8)
  An orc sorcerer (D:7)
  2 ugly things (D:11)
  A manticore (D:11)
  Maurice (D:9)
  2 trolls
  A hippogriff (D:10)
  A slime creature (D:10)
  11 yaks
  A wraith (D:8)
  Grum (D:11)
  A wyvern (D:9)
  A hungry ghost (D:10)
  A steam dragon (D:11)
  An acid dragon (D:11)
  2 water moccasins
  A hornet zombie (Ossuary)
  7 orc warriors
  An ice beast (shapeshifter) (D:10)
  5 ice beasts
  A phantom (D:5)
  2 wolves (D:11)
  3 sky beasts
  8 ogres
  5 centaurs
  3 big kobolds
  4 bullfrogs
  A water moccasin zombie (D:3)
  2 scorpions
  6 killer bees
  4 wights (D:7)
  A jelly (D:11)
  4 howler monkeys
  5 centaur zombies
  A quasit (D:11)
  4 bullfrog zombies
  4 crimson imps
  9 hounds
  8 orc priests
  A centaur skeleton (D:5)
  A bullfrog skeleton (D:5)
  9 mummies (Ossuary)
  4 iguanas
  8 orc wizards
  4 worker ants
  6 hound zombies
  A hound skeleton (D:6)
  7 worker ant zombies
  6 gnolls
  18 adders
  A river rat (D:4)
  An ooze (D:2)
  7 adder zombies
  4 worms (D:3)
  4 dart slugs
  3 leopard geckos
  39 orcs
  3 ball pythons (D:4)
  9 bats
  14 giant cockroaches
  13 goblins
  7 hobgoblins
  20 jackals
  2 quokkas (D:10)
  2 frilled lizards
  A giant cockroach zombie (Ossuary)
  A jackal skeleton (D:4)
  2 jackal zombies
  15 kobolds
  2 leopard gecko zombies (Ossuary)
  3 quokka zombies
  14 rats
  A plant (D:8)
351 creatures vanquished.

Vanquished Creatures (others)
  18 fulminant prisms
  2 withered plants (D:6)
20 creatures vanquished.

Grand Total: 371 creatures vanquished

Notes
Turn   | Place    | Note
-------+----------+-------------------------------------------
     0 | D:1      | DearestLeader the Draconian Conjurer began the quest for
                  | the Orb.
     0 | D:1      | Reached XP level 1. HP: 14/14 MP: 3/3
   412 | D:1      | Reached XP level 2. HP: 20/20 MP: 5/5
   422 | D:1      | Learned a level 2 spell: Searing Ray
   953 | D:1      | Reached skill level 5 in Conjurations
   955 | D:1      | Reached XP level 3. HP: 26/26 MP: 6/6
  1393 | D:2      | Reached XP level 4. HP: 32/33 MP: 4/7
  1558 | D:2      | Learned a level 4 spell: Fulminant Prism
  2033 | D:3      | Reached skill level 6 in Conjurations
  2151 | D:3      | Found a shimmering altar of Xom.
  2284 | D:3      | Found a white marble altar of Elyvilon.
  2574 | D:3      | Reached XP level 5. HP: 38/38 MP: 3/8
  3106 | D:4      | Found a transporter.
  3110 | D:4      | Noticed Sondor's ghost (amateur DsAK)
  3140 | D:4      | Found a glowing drain.
  3210 | Sewer    | Entered a sewer
  3336 | Sewer    | Reached skill level 7 in Conjurations
  3336 | Sewer    | Reached XP level 6. HP: 45/45 MP: 2/10
  3447 | Sewer    | Found a white marble altar of Elyvilon.
  3533 | D:4      | Found Ryasm's Distillery.
  3537 | D:4      | Bought a potion of heal wounds for 55 gold pieces
  3537 | D:4      | Bought a potion of curing for 33 gold pieces
  3537 | D:4      | Bought a potion of heal wounds for 55 gold pieces
  3701 | D:4      | Found Daugufizu's Gadget Shoppe.
  3724 | D:4      | Found Joesiak's Gadget Boutique.
  3784 | D:4      | Found a transporter.
  3816 | D:4      | Found a stormy altar of Qazlal.
  3820 | D:4      | Found Itaidux's Antique Armour Shoppe.
  4116 | D:4      | Reached skill level 1 in Hexes
  4186 | D:4      | Found Sust's Armour Shoppe.
  4214 | D:5      | Entered Level 5 of the Dungeon
  4292 | D:5      | Your scales start taking on a dull iron-grey colour.
  4292 | D:5      | Reached XP level 7. HP: 50/50 MP: 8/11
  4292 | D:5      | Gained mutation: You can survive without breathing. [Grey
                  | Draconian growth]
  4325 | D:5      | Found a staircase to the Ecumenical Temple.
  4350 | Temple   | Entered the Ecumenical Temple
  4365 | Temple   | Became a worshipper of Vehumet
  4486 | D:5      | Reached skill level 8 in Conjurations
  4961 | D:5      | Reached * piety under Vehumet
  4961 | D:5      | Offered knowledge of Sandblast by Vehumet.
  5054 | D:5      | Found a snail-covered altar of Cheibriados.
  5164 | D:5      | Reached skill level 9 in Conjurations
  5231 | D:5      | Found a basalt altar of Yredelemnul.
  5235 | D:5      | Reached XP level 8. HP: 57/57 MP: 8/12
  5330 | D:5      | Found a sacrificial altar of Ru.
  5556 | D:6      | Found an iron altar of Okawaru.
  5699 | D:6      | Found Wehiupir's General Store.
  5931 | D:6      | Reached skill level 10 in Conjurations
  5986 | D:6      | Learned a level 3 spell: Dazzling Flash
  6035 | D:6      | Found a blossoming altar of Fedhas.
  6037 | D:6      | Found an ancient bone altar of Kikubaaqudgha.
  6442 | D:7      | Reached XP level 9. HP: 52/62 MP: 7/16
  6474 | D:7      | Found a sand-covered staircase.
  6518 | Ossuary  | Entered an ossuary
  6609 | Ossuary  | Offered knowledge of Shock by Vehumet.
  6609 | Ossuary  | Reached skill level 5 in Spellcasting
  6624 | Ossuary  | Reached ** piety under Vehumet
  7046 | Ossuary  | Reached skill level 11 in Conjurations
  7067 | Ossuary  | Offered knowledge of Static Discharge by Vehumet.
  7355 | D:7      | Noticed an orc sorcerer
  7359 | D:7      | Paralysed by an orc sorcerer for 4 turns
  7363 | D:7      | Noticed a smoke demon
  7364 | D:7      | Killed an orc sorcerer
  7372 | D:7      | HP: 2/62 [orc priest/divine providence (16)]
  7555 | D:7      | Reached skill level 12 in Conjurations
  7756 | D:7      | Reached *** piety under Vehumet
  8295 | D:8      | Found a hide-covered altar of Uskayaw.
  8335 | D:8      | Noticed a two-headed ogre
  8347 | D:8      | Killed a two-headed ogre
  8347 | D:8      | Reached skill level 13 in Conjurations
  8347 | D:8      | Reached XP level 10. HP: 64/69 MP: 7/17
  8654 | D:8      | Offered knowledge of Ignite Poison by Vehumet.
  8932 | D:8      | Found Ruenoreb's Assorted Antiques.
  8940 | D:8      | Bought a scratched moonstone ring for 105 gold pieces
  8940 | D:8      | Bought a scroll of identify for 42 gold pieces
  9121 | D:8      | Got a smoking quarterstaff
  9121 | D:8      | Identified the +8 quarterstaff "Wiphyewn" {speed, rElec rF+
                  | rN++ Stlth+} (You found it on level 8 of the Dungeon)
  9359 | D:8      | Learned a level 5 spell: Lee's Rapid Deconstruction
  9393 | D:9      | Reached skill level 1 in Earth Magic
  9473 | D:9      | You fall into a shaft and drop 3 floors!
  9473 | D:12     | Noticed an orc sorcerer
  9473 | D:12     | Noticed a cyclops
  9473 | D:12     | Noticed an orc sorcerer
  9473 | D:12     | Noticed an orc knight
  9479 | D:12     | Noticed a death knight
  9706 | D:10     | Entered Level 10 of the Dungeon
  9752 | D:10     | Reached **** piety under Vehumet
  9808 | D:10     | Offered knowledge of Iskenderun's Battlesphere by Vehumet.
 10118 | D:10     | Found a staircase to the Orcish Mines.
 10465 | D:10     | Found a large runed translucent door.
 10465 | D:10     | Found a large runed translucent door.
 10469 | D:10     | Noticed a white ugly thing
 10498 | D:10     | Reached skill level 5 in Earth Magic
 10641 | D:10     | Found a large runed translucent door.
 10641 | D:10     | Found a large runed translucent door.
 11016 | D:10     | Got a warped trident
 11016 | D:10     | Identified the +6 trident of No Interval {pain, *Contam
                  | MP+9 Dex+3} (You found it on level 10 of the Dungeon)
 11235 | D:9      | Found Pagacyck's General Store.
 11248 | D:9      | Reached ***** piety under Vehumet
 11533 | D:9      | Reached XP level 11. HP: 74/74 MP: 12/19
 11542 | D:9      | Got a jewelled hat
 11552 | D:9      | Identified the +1 hat of Xom's Pride {rC+ MP+9 Int+4 Dex-5}
                  | (You found it on level 9 of the Dungeon)
 11825 | D:9      | Found a shadowy altar of Dithmenos.
 11890 | D:9      | Noticed Maurice
 11898 | D:9      | Killed Maurice
 11898 | D:9      | Offered knowledge of Lightning Bolt by Vehumet.
 11898 | D:9      | Reached skill level 14 in Conjurations
 12059 | D:9      | Learned a level 2 spell: Passwall
 12423 | D:11     | Noticed Grum
 12432 | D:11     | Killed Grum
 12858 | D:11     | Noticed a brown ugly thing
 12867 | D:11     | Killed a brown ugly thing
 13006 | D:11     | Noticed a purple ugly thing
 13016 | D:11     | Killed a purple ugly thing
 13057 | D:11     | Killed from afar by a manticore

Illustrated notes

Levels and vault maps discovered:
D:1:      lightli_arrival_quake, layout_basic
D:2:      layout_basic
D:3:      layout_loops_ring, xom_teletrap_fun, old_standard_altar
D:4:      layout_loops_ring, portal_sewer_entry_c, serial_shops,
          kennysheep_little_box, shop, shop, kennysheep_mini, shop_fountains,
          gammafunk_ghost_stat_death, grunt_qazlal_clouds
D:5:      layout_loops_ring, kennysheep_mini_moat, yredelemnul_altar_generic,
          kennysheep_slug_shrine, minmay_temple_entry_ruins, first_ration,
          serial_undead, serial_undead_e, serial_undead_d, serial_undead_d,
          serial_undead_a, minmay_misc_feat_cross
D:6:      layout_rooms, grunt_temple_overflow_growth_and_decay,
          lemuel_crystal_altar, serial_shops, nicolae_shop_waterfront
D:7:      cheibrodos_wizards_tower, layout_basic, nicolae_ossuary_entry_ruins
D:8:      layout_basic, eat_drink_and_be_merry_uskayaw, serial_shops, shop,
          blue_anna_alchemist [blue_anna_fruit_fields, blue_anna_fruit_fields],
          fountainhead
D:9:      layout_loops_ring, lemuel_round_altar, serial_shops, shop,
          uniq_maurice
D:10:     layout_roguey, erik_orc_4, minmay_hollow_rounded_squares
D:11:     layout_irregular_city, lair_entry_dummy, uniq_grum
D:12:     kennysheep_funnel, layout_rooms, lightli_elemental_guards
Temple:   nicolae_temple_hex_pool

Skill      XL: |  1  2  3  4  5  6  7  8  9 10 11 |
---------------+----------------------------------+-----
Conjurations   | 5 6 7 9 10 13 14 | 14.3
Spellcasting   | 3 4 5 6 |  6.8
Hexes          | 1 3 4 |  4.0
Dodging        | 3 |  3.0
Earth Magic    | 6 9 |  9.2
Stealth        | |  1.7

Action                   |  1- 3 |  4- 6 |  7- 9 | 10-12 || total
-------------------------+-------+-------+-------+-------++-------
Melee: Unarmed           |    10 |       |       |       ||    10
       Club              |     8 |       |       |       ||     8
       Short sword       |    62 |   106 |       |       ||   168
       Tailslap          |     6 |    10 |    15 |     7 ||    38
       Whip              |       |    28 |   103 |    19 ||   150
       Quarterstaff      |       |       |       |    67 ||    67
 Cast: Magic Dart        |    20 |     3 |    58 |    15 ||    96
       Searing Ray       |     3 |    17 |    59 |    74 ||   153
       Fulminant Prism   |       |       |     5 |    13 ||    18
  Use: Scroll            |       |     5 |     1 |    16 ||    22
       Potion            |       |       |     2 |     1 ||     3
 Stab: Sleeping          |     3 |     4 |       |     2 ||     9
       Distracted        |     1 |       |       |       ||     1
  Eat: Chunk             |     2 |    10 |    11 |    16 ||    39
       Ration            |       |       |     1 |       ||     1
Armor: Skin              |    49 |    51 |    76 |    80 ||   256
Dodge: Dodged            |    87 |   124 |   133 |   155 ||   499
